Map: Dusk Towers

Players

LilDicky - Winner!

  • Race: Terran Terran
  • League: Diamond

Piid

  • Race: Protoss Protoss
  • League: Diamond

VOD

http://www.twitch.tv/tumescentpie

Description

Time

  • Played on: Jan. 2, 2016, 1:23 p.m.
  • Length: 7:56
Show
View Real Time Build Order
Export as new Build Order

LilDicky Terran - Winner!

Build Orders: MMM Bio 

Get SALT Encoding   

  12  0:01  SCV  
  13  0:13  SCV  
  14  0:17  Supply Depot  
  14  0:29  SCV  
  15  0:41  Barracks  
  15  0:45  Refinery  
  15  0:51  SCV  
  16  1:03  SCV  
  17  1:15  SCV  
  18  1:28  Marine  
  18  1:32  Supply Depot, Orbital Command  
  19  1:49  Factory  
  19  1:51  Marine  
  20  1:56  Barracks  
  20  2:02  Barracks  
  20  2:06  SCV  
  21  2:15  Barracks Reactor  
  21  2:18  SCV  
  22  2:24  Refinery  
  22  2:33  SCV  
  23  2:44  Barracks Tech Lab  
  23  2:45  SCV  
  23  2:49  Barracks Tech Lab  
  24  2:56  Widow Mine  
  24  2:57  SCV  
  27  2:59  Marine x2  
  29  3:09  SCV  
  30  3:16  Stimpack  
  30  3:18  Marine  
  30  3:19  Marine  
  31  3:20  Combat Shields  
  31  3:23  Supply Depot  
  31  3:24  Supply Depot  
  31  3:32  Marine x2  
  31  3:43  Starport  
  31  3:44  SCV, Marine x2  
  34  3:50  Marine x2  
  36  3:56  SCV  
  36  4:02  Marine x2  
  39  4:09  Marauder  
  43  4:10  Marauder  
  43  4:11  SCV  
  43  4:12  Widow Mine  
  46  4:23  SCV  
  47  4:31  Supply Depot  
  47  4:33  Supply Depot  
  47  4:52  Widow Mine  
  47  4:53  SCV, Medivac  
  47  4:56  Marine x3  
  47  4:57  Marine  
  56  5:00  Supply Depot  
  56  5:04  Supply Depot  
  56  5:05  SCV  
  57  5:14  Marine x3  
  57  5:15  Marine  
  57  5:17  SCV  
  59  5:31  Marine  
  51  5:39  Marine x3  
  50  5:56  Marine x2  
  48  5:57  Marauder x2  
  48  5:58  Widow Mine  
  54  6:14  Marine x2  
  54  6:18  Marine x2  
  57  6:26  Widow Mine  
  57  6:28  Medivac  
  57  6:32  Marine x2  
  60  6:36  Marauder, Marine  
  59  6:50  Marine x2  
  59  6:51  Liberator  
  61  6:54  Marauder  
  61  6:55  Widow Mine  
  61  6:57  Marine  
  64  7:07  Marine  
  64  7:08  Marine  
  68  7:16  Marauder x2  
Show
View Real Time Build Order
Export as new Build Order

Piid Protoss 

Build Orders: 1 Gate Expand, Blink Stalkers 

Get SALT Encoding   

  12  0:01  Probe (Chrono Boost)  
  13  0:11  Probe (Chrono Boost)  
  14  0:22  Probe (Chrono Boost), Pylon  
  15  0:41  Gateway, Probe (Chrono Boost)  
  16  0:48  Assimilator  
  16  0:51  Probe (Chrono Boost)  
  17  1:02  Probe (Chrono Boost)  
  18  1:12  Probe (Chrono Boost)  
  19  1:22  Nexus  
  19  1:26  Probe (Chrono Boost)  
  20  1:37  Probe (Chrono Boost)  
  20  1:38  Assimilator  
  21  1:40  Pylon  
  20  1:55  Cybernetics Core  
  20  1:59  Probe (Chrono Boost)  
  21  2:10  Probe (Chrono Boost)  
  22  2:17  Pylon  
  22  2:21  Probe (Chrono Boost)  
  23  2:33  Mothership Core (Chrono Boost), Warp Gate  
  23  2:34  Adept  
  27  2:37  Gateway  
  27  2:40  Probe (Chrono Boost)  
  28  2:50  Probe (Chrono Boost)  
  30  2:51  Probe (Chrono Boost)  
  30  3:01  Sentry  
  32  3:10  Twilight Council  
  32  3:27  Robotics Facility  
  32  3:42  Probe x2 (Chrono Boost)  
  32  3:47  Blink  
  34  3:51  Adept x2  
  34  3:53  Probe x2 (Chrono Boost)  
  40  4:03  Probe (Chrono Boost)  
  40  4:06  Probe (Chrono Boost)  
  42  4:10  Assimilator  
  42  4:14  Probe (Chrono Boost)  
  43  4:18  Probe (Chrono Boost)  
  43  4:19  Pylon  
  43  4:21  Pylon  
  43  4:23  Pylon  
  44  4:24  Probe (Chrono Boost)  
  44  4:29  Probe (Chrono Boost)  
  44  4:31  Observer  
  47  4:37  Forge  
  47  4:38  Gateway  
  47  4:42  Gateway  
  47  4:43  Probe x2 (Chrono Boost)  
  49  4:52  Observer  
  50  4:54  Probe x2 (Chrono Boost)  
  51  5:18  Observer  
  51  5:20  Photon Cannon  
  52  5:24  Pylon  
  46  5:35  Adept x2  
  48  5:41  Adept x2  
  50  5:56  Adept x2  
  43  6:05  Mothership Core (Chrono Boost)  
  43  6:06  Robotics Facility  
  45  6:11  Adept x2  
  45  6:26  Pylon  
  45  6:32  Pylon  
  45  6:33  Adept  
  46  6:50  Probe x2 (Chrono Boost)  
  46  6:51  Robotics Facility  
  44  7:02  Adept x2  
  47  7:23  Adept x2  
  49  7:33  Pylon  
Tags
 
Add a new tag
Caveats
  • Supply blocks, unpowered buildings, or Contaminate may cause inaccurate times.
  • Supply counts are checked every 10 seconds.